AoeStats
← Gambino

Arena

510171350Analyzed
1v1 RM · 3d ago on Sep 29, 2026· 49m 56s· 2 players
Game mode
Random Map
Map size
Tiny (2 player)
Population
200
Speed
Normal
Resources
Standard
Victory
Conquest
Starting age
Dark Age
Ending age
Imperial Age
RankedLock teamsTeams togetherTeam positionsShared explorationLock speedFull tech treeHidden civsTurbo modeCheats
Victory
Defeat
🇬🇧 Franks · United Kingdom
558
+17
🇹🇷 Britons · Türkiye
582
-17
Gambino
12:43 Feudal Age
13:46 Double-Bit Axe
13:58 Gold Mining
18:50 Castle Age
17:35 Wheelbarrow
19:01 Castle Age
21:32 Scale Mail Armor
21:39 Scale Barding Armor
22:32 Bow Saw
25:19 Elite Skirmisher
29:11 Stone Mining
41:19 Imperial Age
40:27 Chain Mail Armor
43:08 Forging
43:29 Plate Mail Armor
43:19 Chain Barding Armor
44:44 Elite Throwing Axeman
47:51 Iron Casting
47:32 Arson
47:34 Gambesons
47:59 Squires
veliuygun
11:07 Feudal Age
9:23 Loom
16:29 Castle Age
16:35 Double-Bit Axe
16:34 Horse Collar
23:29 Squires
27:01 Pikeman
28:16 Scale Mail Armor
28:28 Forging
28:23 Padded Archer Armor
28:15 Fletching
32:55 Crossbowman
35:08 Stone Mining
40:16 Imperial Age
39:42 Gold Mining
45:12 Wheelbarrow
44:26 Town Watch
44:09 Light Cavalry
45:47 Arbalester
47:21 Scale Barding Armor
49:10 Bow Saw
49:05 Heavy Plow
49:37 Leather Archer Armor
49:17 Bodkin Arrow
Connection lost

Rejoining the realm…

Still unreachable

The connection could not be restored.

Session expired

The server has moved on; the page needs a fresh start.